TOP OF THE 1ST |
Beech Mountain Mountaineers batting - Pitching for Orlando Calrissian : LHP Mark Collins
|
Pitching: LHP Mark Collins
|
|
Batting: RHB Jared Thompson
|
0-0: Ball 1-0: SINGLE (Flyball, 89S)
|
Batting: SHB Miguel González
|
0-0: Ball 1-0: Ball Jared Thompson steals 2nd base 2-0: Ball 3-0: Called Strike 3-1: Foul Ball, location: 2F 3-2: Foul Ball, location: 2F 3-2: Foul Ball, location: 2F 3-2: SINGLE (Line Drive, 34) Jared Thompson to third
|
Batting: LHB Chris Bates
|
0-0: Fielders Choice at 2nd, 4-6 (Groundball, 4) Jared Thompson scores
|
Batting: SHB Juan Castro
|
0-0: Ball 1-0: Swinging Strike 1-1: Ball 2-1: Foul Ball, location: 2F 2-2: Ball 3-2: Ground out 4-3 (Groundball, 4) Chris Bates to second
|
Batting: RHB António Zúñiga
|
0-0: Swinging Strike 0-1: Swinging Strike 0-2: Strikes out swinging
|
Top of the 1st over - 1 run(s), 2 hit(s), 0 error(s), 1 left on base; Beech Mountain 1 - Orlando 0 |
BOTTOM OF THE 1ST |
Orlando Calrissian batting - Pitching for Beech Mountain Mountaineers : LHP Simon Martel
|
Pitching: LHP Simon Martel
|
|
Now at 1B: Pedro Gonzáles
|
|
Batting: RHB Jesús Gonzáles
|
0-0: Ball 1-0: Ground out 4-3 (Groundball, 4MS)
|
Batting: RHB Raúl Canó
|
0-0: Called Strike 0-1: Ball 1-1: Fly out, F3 (Popup, 3S)
|
Batting: RHB Rich Anderson
|
0-0: Ball 1-0: Called Strike 1-1: Ball 2-1: Ball 3-1: Base on Balls
|
Batting: RHB Frederico Hernández
|
0-0: Foul Ball, location: 2F 0-1: SINGLE (Line Drive, 56) Rich Anderson to second
|
Batting: SHB Brian Price
|
0-0: Fielders Choice at 2nd, 6-4 (Groundball, 6)
|
Bottom of the 1st over - 0 run(s), 1 hit(s), 0 error(s), 1 left on base; Beech Mountain 1 - Orlando 0 |
TOP OF THE 2ND |
Beech Mountain Mountaineers batting - Pitching for Orlando Calrissian : LHP Mark Collins
|
Batting: LHB Lorenzo Quintanilla
|
0-0: Ball 1-0: Ball 2-0: Ground out 3-1 (Groundball, 34)
|
Batting: RHB John Anderson
|
0-0: Ball 1-0: Ball 2-0: Ball 3-0: Called Strike 3-1: Called Strike 3-2: Base on Balls
|
Batting: LHB Tommy Payne
|
0-0: Ball 1-0: Foul Ball, location: 2F 1-1: Ball 2-1: Foul Ball, location: 2F 2-2: Strikes out swinging
|
Batting: RHB Rafael González
|
0-0: Fly out, F8 (Flyball, 78D)
|
Top of the 2nd over - 0 run(s), 0 hit(s), 0 error(s), 1 left on base; Beech Mountain 1 - Orlando 0 |
BOTTOM OF THE 2ND |
Orlando Calrissian batting - Pitching for Beech Mountain Mountaineers : LHP Simon Martel
|
Batting: SHB Tim Abbott
|
0-0: Ball 1-0: Ground out 6-3 (Groundball, 6)
|
Batting: LHB Santiago Márquez
|
0-0: Swinging Strike 0-1: Foul Ball, location: 2F 0-2: Ball 1-2: Ball 2-2: Foul Ball, location: 2F 2-2: Ball 3-2: Foul Ball, location: 2F 3-2: Fly out, F9 (Flyball, 89M)
|
Batting: RHB Júlio Negrón
|
0-0: Called Strike 0-1: Ball 1-1: Ball 2-1: Swinging Strike 2-2: Foul Ball, location: 2F 2-2: Foul Ball, location: 2F 2-2: Strikes out swinging
|
Bottom of the 2nd over - 0 run(s), 0 hit(s), 0 error(s), 0 left on base; Beech Mountain 1 - Orlando 0 |
TOP OF THE 3RD |
Beech Mountain Mountaineers batting - Pitching for Orlando Calrissian : LHP Mark Collins
|
Batting: RHB Jared Thompson
|
0-0: Ball 1-0: Ground out 6-3 (Groundball, 6)
|
Batting: LHB Pedro Gonzáles
|
0-0: Foul Ball, location: 2F 0-1: Ball 1-1: Ball 2-1: Fly out, F9 (Line Drive, 9)
|
Batting: LHB Chris Bates
|
0-0: Foul Ball, location: 2F 0-1: Swinging Strike 0-2: Ball 1-2: Strikes out swinging
|
Top of the 3rd over - 0 run(s), 0 hit(s), 0 error(s), 0 left on base; Beech Mountain 1 - Orlando 0 |
BOTTOM OF THE 3RD |
Orlando Calrissian batting - Pitching for Beech Mountain Mountaineers : LHP Simon Martel
|
Batting: RHB José Pérez
|
0-0: Called Strike 0-1: Ball 1-1: Ball 2-1: Called Strike 2-2: Ball 3-2: Foul Ball, location: 2F 3-2: Base on Balls
|
Batting: RHB Jesús Gonzáles
|
0-0: Ball 1-0: Called Strike 1-1: Called Strike 1-2: Ground out 5-3 (Groundball, 56S) José Pérez to second
|
Batting: RHB Raúl Canó
|
0-0: Ball 1-0: Ball 2-0: Called Strike 2-1: Ball 3-1: Called Strike 3-2: Strikes out looking
|
Batting: RHB Rich Anderson
|
0-0: Called Strike 0-1: Swinging Strike 0-2: Ground out 4-3 (Groundball, 4)
|
Bottom of the 3rd over - 0 run(s), 0 hit(s), 0 error(s), 1 left on base; Beech Mountain 1 - Orlando 0 |
TOP OF THE 4TH |
Beech Mountain Mountaineers batting - Pitching for Orlando Calrissian : LHP Mark Collins
|
Batting: SHB Juan Castro
|
0-0: Called Strike 0-1: Ball 1-1: Ball 2-1: Called Strike 2-2: Foul Ball, location: 2F 2-2: Strikes out looking
|
Batting: RHB António Zúñiga
|
0-0: Called Strike 0-1: Ground out 6-3 (Groundball, 56)
|
Batting: LHB Lorenzo Quintanilla
|
0-0: Ball 1-0: Ball 2-0: Ball 3-0: Base on Balls
|
Batting: RHB John Anderson
|
0-0: Called Strike 0-1: Ball 1-1: Ball 2-1: SINGLE (Groundball, 6MD) Lorenzo Quintanilla to second Runner from 2nd tries for 3rd, SAFE, throw made to third
|
Batting: LHB Tommy Payne
|
0-0: Swinging Strike 0-1: Swinging Strike 0-2: Strikes out looking
|
Top of the 4th over - 0 run(s), 1 hit(s), 0 error(s), 2 left on base; Beech Mountain 1 - Orlando 0 |
BOTTOM OF THE 4TH |
Orlando Calrissian batting - Pitching for Beech Mountain Mountaineers : LHP Simon Martel
|
Batting: RHB Frederico Hernández
|
0-0: Ball 1-0: Ball 2-0: Ball 3-0: Base on Balls
|
Batting: SHB Brian Price
|
0-0: Called Strike 0-1: Foul Ball, location: 2F 0-2: Strikes out swinging
|
Batting: SHB Tim Abbott
|
0-0: Foul Ball, location: 2F 0-1: Ball 1-1: Called Strike 1-2: Strikes out swinging
|
Batting: LHB Santiago Márquez
|
0-0: Ball 1-0: Called Strike 1-1: Called Strike 1-2: Ball 2-2: Fly out, F8 (Flyball, 78M)
|
Bottom of the 4th over - 0 run(s), 0 hit(s), 0 error(s), 1 left on base; Beech Mountain 1 - Orlando 0 |
TOP OF THE 5TH |
Beech Mountain Mountaineers batting - Pitching for Orlando Calrissian : LHP Mark Collins
|
Batting: RHB Rafael González
|
0-0: Ball 1-0: Ground out 1-3 (Groundball, 15S)
|
Batting: RHB Jared Thompson
|
0-0: Called Strike 0-1: Ball 1-1: Called Strike 1-2: Ball 2-2: Fly out, F3 (Line Drive, 3)
|
Batting: LHB Pedro Gonzáles
|
0-0: Ball 1-0: Ball 2-0: Ground out 6-3 (Groundball, 6)
|
Top of the 5th over - 0 run(s), 0 hit(s), 0 error(s), 0 left on base; Beech Mountain 1 - Orlando 0 |
BOTTOM OF THE 5TH |
Orlando Calrissian batting - Pitching for Beech Mountain Mountaineers : LHP Simon Martel
|
Batting: RHB Júlio Negrón
|
0-0: Bunt for hit - play at first, batter OUT! 2-3
|
Batting: RHB José Pérez
|
0-0: Called Strike 0-1: Called Strike 0-2: Foul Ball, location: 2F 0-2: Ball 1-2: Ball 2-2: Ground out 4-3 (Groundball, 4)
|
Batting: RHB Jesús Gonzáles
|
0-0: Ball 1-0: Swinging Strike 1-1: Ball 2-1: Swinging Strike 2-2: Ball 3-2: Strikes out looking
|
Bottom of the 5th over - 0 run(s), 0 hit(s), 0 error(s), 0 left on base; Beech Mountain 1 - Orlando 0 |
TOP OF THE 6TH |
Beech Mountain Mountaineers batting - Pitching for Orlando Calrissian : LHP Mark Collins
|
Batting: LHB Chris Bates
|
0-0: Fly out, F7 (Flyball, 7LM)
|
Batting: SHB Juan Castro
|
0-0: Ball 1-0: Foul Ball, location: 2F 1-1: Swinging Strike 1-2: Strikes out looking
|
Batting: RHB António Zúñiga
|
0-0: Ground out 5-3 (Groundball, 56)
|
Top of the 6th over - 0 run(s), 0 hit(s), 0 error(s), 0 left on base; Beech Mountain 1 - Orlando 0 |
BOTTOM OF THE 6TH |
Orlando Calrissian batting - Pitching for Beech Mountain Mountaineers : LHP Simon Martel
|
Batting: RHB Raúl Canó
|
0-0: Called Strike 0-1: SOLO HOME RUN (Flyball, 7D), Distance : 374 ft
|
Batting: RHB Rich Anderson
|
0-0: Called Strike 0-1: Ball 1-1: Ball 2-1: Foul Ball, location: 2F 2-2: Ground out 4-3 (Groundball, 4)
|
Batting: RHB Frederico Hernández
|
0-0: Called Strike 0-1: Ball 1-1: Ball 2-1: Ball 3-1: Foul Ball, location: 2F 3-2: Fly out, F8 (Flyball, 89XD)
|
Batting: SHB Brian Price
|
0-0: Ball 1-0: Ground out 5-3 (Groundball, 56S)
|
Bottom of the 6th over - 1 run(s), 1 hit(s), 0 error(s), 0 left on base; Beech Mountain 1 - Orlando 1 |
TOP OF THE 7TH |
Beech Mountain Mountaineers batting - Pitching for Orlando Calrissian : LHP Mark Collins
|
Batting: LHB Lorenzo Quintanilla
|
0-0: Called Strike 0-1: Called Strike 0-2: Ground out U3 (Groundball, 3)
|
Batting: RHB John Anderson
|
0-0: Called Strike 0-1: Foul Ball, location: 2F 0-2: Foul Ball, location: 2F 0-2: Ball 1-2: Ball 2-2: SOLO HOME RUN (Flyball, 7D), Distance : 396 ft
|
Batting: LHB Tommy Payne
|
0-0: Foul Ball, location: 2F 0-1: Ball 1-1: Ball 2-1: Called Strike 2-2: Ball 3-2: Strikes out swinging
|
Batting: RHB Rafael González
|
0-0: Called Strike 0-1: DOUBLE (Flyball, 89D)
|
Batting: RHB Jared Thompson
|
0-0: Foul Ball, location: 2F 0-1: Foul Ball, location: 2F 0-2: Ball 1-2: 2-RUN HOME RUN (Flyball, 8LD), Distance : 405 ft
|
Batting: LHB Pedro Gonzáles
|
0-0: Called Strike 0-1: Ball 1-1: Called Strike 1-2: Ball 2-2: Fly out, F7 (Flyball, 7)
|
Top of the 7th over - 3 run(s), 3 hit(s), 0 error(s), 0 left on base; Beech Mountain 4 - Orlando 1 |
BOTTOM OF THE 7TH |
Orlando Calrissian batting - Pitching for Beech Mountain Mountaineers : LHP Simon Martel
|
Pitching: RHP Rafael López
|
|
Batting: SHB Tim Abbott
|
0-0: Swinging Strike 0-1: Ground out U3 (Groundball, 34)
|
Batting: LHB Santiago Márquez
|
0-0: Called Strike 0-1: Swinging Strike 0-2: Strikes out swinging
|
Batting: RHB Júlio Negrón
|
0-0: Called Strike 0-1: Foul Ball, location: 2F 0-2: Ball 1-2: Ball 2-2: Strikes out looking
|
Bottom of the 7th over - 0 run(s), 0 hit(s), 0 error(s), 0 left on base; Beech Mountain 4 - Orlando 1 |
TOP OF THE 8TH |
Beech Mountain Mountaineers batting - Pitching for Orlando Calrissian : LHP Mark Collins
|
Pitching: RHP Will Huggins
|
|
Batting: LHB Chris Bates
|
0-0: Ball 1-0: Ball 2-0: Ball 3-0: Base on Balls
|
Batting: SHB Juan Castro
|
0-0: Ball 1-0: Swinging Strike 1-1: Ball 2-1: Ball 3-1: Ground out 5-3 (Groundball, 56S) Chris Bates to second
|
Batting: RHB António Zúñiga
|
0-0: Called Strike 0-1: Fly out, F5 (Popup, 5S)
|
Batting: LHB Lorenzo Quintanilla
|
0-0: Foul Ball, location: 2F 0-1: Ground out 6-3 (Groundball, 6)
|
Top of the 8th over - 0 run(s), 0 hit(s), 0 error(s), 1 left on base; Beech Mountain 4 - Orlando 1 |
BOTTOM OF THE 8TH |
Orlando Calrissian batting - Pitching for Beech Mountain Mountaineers : RHP Rafael López
|
Batting: RHB José Pérez
|
0-0: Ball 1-0: Ball 2-0: Ball 3-0: Called Strike 3-1: Swinging Strike 3-2: Base on Balls
|
Pitching: RHP Troy Parker
|
|
Batting: RHB Jesús Gonzáles
|
0-0: Ball 1-0: Foul Ball, location: 2F 1-1: Ball 2-1: Called Strike 2-2: Foul Ball, location: 2F 2-2: Strikes out swinging
|
Batting: RHB Raúl Canó
|
0-0: Called Strike 0-1: Ball 1-1: Ball 2-1: Ground out 5-3 (Groundball, 56S) José Pérez to second
|
Batting: RHB Rich Anderson
|
0-0: Foul Ball, location: 2F 0-1: Swinging Strike 0-2: Ball 1-2: Ball 2-2: Ball 3-2: SINGLE (Line Drive, 6D) José Pérez to third José Pérez scores
|
Batting: RHB Frederico Hernández
|
0-0: Ball 1-0: Foul Ball, location: 2F 1-1: Ball 2-1: Ball 3-1: SINGLE (Groundball, 6MD) Rich Anderson to second
|
Pinch Hitting: LHB Danny Allen
|
0-0: Called Strike 0-1: Swinging Strike 0-2: Foul Ball, location: 2F 0-2: Ball 1-2: Foul Ball, location: 2F 1-2: Foul Ball, location: 2F 1-2: Ball 2-2: Ball 3-2: Base on Balls Rich Anderson to third Frederico Hernández to second
|
Batting: SHB Tim Abbott
|
0-0: Swinging Strike 0-1: Ball 1-1: Swinging Strike 1-2: SINGLE (Groundball, 34D) Rich Anderson scores Frederico Hernández to third Danny Allen to second Runner from 3rd tries for Home, SAFE, throw made home Danny Allen to third Tim Abbott to second
|
Pitching: RHP Jason Mason
|
|
Batting: LHB Santiago Márquez
|
0-0: Ball 1-0: Foul Ball, location: 2F 1-1: Ground out U3 (Groundball, 34)
|
Bottom of the 8th over - 3 run(s), 3 hit(s), 0 error(s), 2 left on base; Beech Mountain 4 - Orlando 4 |
TOP OF THE 9TH |
Beech Mountain Mountaineers batting - Pitching for Orlando Calrissian : RHP Will Huggins
|
Pitching: LHP Xavier Velázquez
|
|
Now at 3B: Jaime Montés
|
|
Batting: RHB John Anderson
|
0-0: Ball 1-0: Called Strike 1-1: Ball 2-1: Foul Ball, location: 2F 2-2: Foul Ball, location: 2F 2-2: Ball 3-2: Ground out 3-1 (Groundball, 34S)
|
Batting: LHB Tommy Payne
|
0-0: Ball 1-0: Called Strike 1-1: Ball 2-1: Foul Ball, location: 2F 2-2: Ball 3-2: Strikes out swinging
|
Pinch Hitting: RHB Jesús Cruz
|
0-0: Called Strike 0-1: Ball 1-1: Foul Ball, location: 2F 1-2: Foul Ball, location: 2F 1-2: Ball 2-2: Ball 3-2: Base on Balls
|
Batting: RHB Jared Thompson
|
0-0: Ball 1-0: Fly out, F9 (Flyball, 9)
|
Top of the 9th over - 0 run(s), 0 hit(s), 0 error(s), 1 left on base; Beech Mountain 4 - Orlando 4 |
BOTTOM OF THE 9TH |
Orlando Calrissian batting - Pitching for Beech Mountain Mountaineers : RHP Jason Mason
|
Now at 2B: Jesús Cruz
|
|
Pinch Hitting: SHB Cristo Ontiveros
|
0-0: Ball 1-0: Ball 2-0: Foul Ball, location: 2F 2-1: Foul Ball, location: 2F 2-2: Foul Ball, location: 2F 2-2: Foul Ball, location: 2F 2-2: Strikes out looking
|
Batting: RHB José Pérez
|
0-0: Ball 1-0: Called Strike 1-1: Swinging Strike 1-2: Ball 2-2: Ball 3-2: Foul Ball, location: 2F 3-2: Fly out, F9 (Flyball, 9LM)
|
Batting: RHB Jesús Gonzáles
|
0-0: Called Strike 0-1: Ball 1-1: Ground out 6-3 (Groundball, 6M)
|
Bottom of the 9th over - 0 run(s), 0 hit(s), 0 error(s), 0 left on base; Beech Mountain 4 - Orlando 4 |
TOP OF THE 10TH |
Beech Mountain Mountaineers batting - Pitching for Orlando Calrissian : LHP Xavier Velázquez
|
Now at 2B: Enrique Bermúdez
|
|
Batting: LHB Pedro Gonzáles
|
0-0: Swinging Strike 0-1: Fly out, F8 (Flyball, 78M)
|
Batting: LHB Chris Bates
|
0-0: SINGLE (Groundball, 4D)
|
Batting: SHB Juan Castro
|
0-0: Ball 1-0: Foul Ball, location: 2F 1-1: 2-RUN HOME RUN (Flyball, 7D), Distance : 388 ft
|
Pitching: RHP Lance Sanders
|
|
Batting: RHB António Zúñiga
|
0-0: Ball 1-0: Ground out 6-3 (Groundball, 6)
|
Batting: LHB Lorenzo Quintanilla
|
0-0: Ball 1-0: Ball 2-0: Ball 3-0: Foul Ball, location: 2F 3-1: Fly out, F7 (Flyball, 7S)
|
Top of the 10th over - 2 run(s), 2 hit(s), 0 error(s), 0 left on base; Beech Mountain 6 - Orlando 4 |
BOTTOM OF THE 10TH |
Orlando Calrissian batting - Pitching for Beech Mountain Mountaineers : RHP Jason Mason
|
Batting: RHB Raúl Canó
|
0-0: SINGLE (Line Drive, 56)
|
Batting: RHB Rich Anderson
|
0-0: Called Strike 0-1: Ball 1-1: Ball 2-1: Foul Ball, location: 2F 2-2: Ball 3-2: Fly out, F7 (Flyball, 7S)
|
Batting: RHB Frederico Hernández
|
0-0: Ball 1-0: Ball 2-0: Ball 3-0: Base on Balls Raúl Canó to second
|
Batting: SHB Jaime Montés
|
0-0: Foul Ball, location: 2F 0-1: Foul Ball, location: 2F 0-2: Ball 1-2: Foul Ball, location: 2F 1-2: Ball 2-2: Foul Ball, location: 2F 2-2: Strikes out looking
|
Batting: SHB Tim Abbott
|
0-0: Ball 1-0: SINGLE (Line Drive, 56D) Raúl Canó to third Frederico Hernández to second Runner from 3rd tries for Home, SAFE, no throw
|
Pitching: RHP Bret McJannett
|
|
Batting: LHB Santiago Márquez
|
0-0: Called Strike 0-1: Ball 1-1: Ball 2-1: Foul Ball, location: 2F 2-2: Strikes out swinging
|
Bottom of the 10th over - 1 run(s), 2 hit(s), 0 error(s), 2 left on base; Beech Mountain 6 - Orlando 5 |
|